 Dungeon Crawl Stone Soup version 0.29-a0-352-g0917bc69df (webtiles) character file.

Game seed: 15110044848059316771

225645 Venedis the Imperceptible (level 18, -9/97 HPs)
             Began as a Spriggan Enchanter on Apr 24, 2022.
             Was a High Priest of Dithmenos.
             Killed by the air
             ... invoked by a spriggan air mage
              (24 damage)
             ... on level 4 of the Swamp.
             The game lasted 02:48:31 (45137 turns).

Venedis the Imperceptible (Spriggan Enchanter)     Turns: 45137, Time: 02:48:31

Health: -9/97      AC: 15    Str: 16    XL:     18   Next: 62%
Magic:  30/41      EV: 31    Int: 16    God:    Dithmenos [*****.]
Gold:   3203       SH:  0    Dex: 18    Spells: 24/54 levels left

rFire   + . .      SeeInvis +   v - +7 dagger "Omelette" {venom, Fly}
rCold   . . .      Faith    .   (no shield)
rNeg    + + +      Spirit   .   a - +1 steam dragon scales
rPois   +          Reflect  .   K - +2 hat of the Bard {+Blink}
rElec   .          Harm     .   d - +2 cloak
rCorr   .          Rampage  .   (gloves unavailable)
Will    ++...                   (boots unavailable) Stlth *****+++++
                                I - amulet of regeneration
HPRegen 1.06/turn               j - ring "Yruoman" {rPois rN+++ Will- Str+6}
MPRegen 0.27/turn               b - +4 ring of protection

@: flying, wreathed by umbra, studying Summonings, unable to read, very quick
A: very small, no large weapons, unfitting armour, see invisible, speed 3,
talons 1, fire resistance 1, sense surroundings 1, wild magic 1, inability to
read while threatened, noise suppression
}: 1/15 runes: gossamer
a: Renounce Religion, Evoke Blink, Shadow Step, Shadow Form


You were on level 4 of the Swamp.
You worshipped Dithmenos.
Dithmenos was extremely pleased with you.
You visited 9 branches of the dungeon, and saw 37 of its levels.
You visited the Abyss 1 time.
You also visited: Ossuary, Gauntlet and Ice Cave.

You collected 3512 gold pieces.
You spent 309 gold pieces at shops.

Inventory:

Hand Weapons
 k - a +3 dagger of draining
 v - the +7 dagger "Omelette" (weapon) {venom, Fly}
   (You found it on level 5 of the Dungeon)

   It poisons the flesh of those it strikes.
   Fly:       It grants you flight.
 E - the +3 quick blade of Laceration {vorpal, Fly}
   (You acquired it on level 1 of the Elven Halls)

   It inflicts extra damage upon your enemies.
   Fly:       It grants you flight.
Missiles
 w - 31 poisoned darts (quivered)
 y - a throwing net
 D - 3 curare-tipped darts
 J - an atropa-tipped dart
 X - 4 datura-tipped darts
Armour
 a - +1 steam dragon scales (worn)
 d - a +2 cloak (worn)
 K - the +2 hat of the Bard (worn) {+Blink}
   (You found it in a Gauntlet)

   +Blink:    It lets you blink.
Jewellery
 b - a +4 ring of protection (right hand)
 j - the ring "Yruoman" (left hand) {rPois rN+++ Will- Str+6}
   (You found it on level 2 of the Dungeon)

   [ring of strength]

   Str:       It affects your strength (+6).
   rPois:     It protects you from poison.
   rN:        It renders you almost immune to negative energy.
   Will:      It decreases your willpower.
 o - a +6 ring of intelligence
 s - a ring of protection from fire
 C - a +4 ring of protection
 H - a ring of wizardry
 I - an amulet of regeneration (around neck)
Wands
 g - a wand of mindburst (31)
 i - a wand of acid (20)
 n - a wand of charming (17)
 q - a wand of flame (54)
 A - a wand of paralysis (24)
 P - a wand of polymorph (4)
 R - a wand of iceblast (11)
 S - a wand of digging (6)
Scrolls
 p - a scroll of immolation
 x - 8 scrolls of fog
 z - 4 scrolls of blinking
 B - 3 scrolls of magic mapping
 G - 2 scrolls of fear
 L - 4 scrolls of amnesia
 O - 3 scrolls of enchant weapon
 T - 3 scrolls of teleportation
 V - 2 scrolls of brand weapon
 Z - a scroll of holy word
Potions
 c - 7 potions of ambrosia
 e - 11 potions of haste
 f - 3 potions of resistance
 h - a potion of might
 l - 2 potions of mutation
 m - 2 potions of flight
 r - 4 potions of brilliance
 t - 16 potions of curing
 u - 3 potions of cancellation
 F - 3 potions of berserk rage
 N - 2 potions of heal wounds
 Q - 2 potions of magic
Miscellaneous
 M - a phantom mirror
 U - a phial of floods
 W - a box of beasts


   Skills:
 + Level 11.7 Fighting
 - Level 12.0 Short Blades
 + Level 17.8 Dodging
 + Level 22.9 Stealth
 + Level 18.5 Spellcasting
 - Level 4.0 Conjurations
 + Level 18.7 Hexes


You had 24 spell levels left.
You knew the following spells:

 Your Spells              Type           Power      Damage    Failure   Level
a - Ensorcelled Hibernat  Hex/Ice        100%       N/A       1%          2
b - Tukima's Dance        Hex            77%        N/A       1%          3
c - Dazzling Flash        Conj/Hex       100%       N/A       1%          3
d - Confusing Touch       Hex            77%        N/A       1%          3
e - Stone Arrow           Conj/Erth      54%        3d10      8%          3
f - Cause Fear            Hex            38%        N/A       1%          4
g - Enfeeble              Hex            38%        N/A       3%          7
h - Summon Mana Viper     Hex/Summ       55%        N/A       4%          5

Your spell library contained the following spells:

 Spells                   Type           Power      Damage    Failure   Level
 Summon Guardian Golem    Hex/Summ       55%        N/A       1%          3
 Anguish                  Hex/Necr       27%        N/A       1%          4
 Leda's Liquefaction      Hex/Erth       27%        N/A       1%          4
 Animate Skeleton         Necr           38%        N/A       6%          1
 Freeze                   Ice            76%        1d9       6%          1
 Pain                     Necr           76%        1d7       6%          1
 Summon Small Mammal      Summ           76%        N/A       6%          1
 Conjure Flame            Conj/Fire      27%        6-21      8%          3
 Blink                    Tloc           38%        N/A       10%         2
 Mephitic Cloud           Conj/Pois/Air  24%        N/A       11%         3
 Call Canine Familiar     Summ           19%        N/A       17%         3
 Frozen Ramparts          Ice            38%        1d5       17%         3
 Ignite Poison            Fire/Tmut/Pois 19%        N/A       17%         3
 Lesser Beckoning         Tloc           19%        N/A       17%         3
 Spider Form              Tmut/Pois      19%        N/A       17%         3
 Vampiric Draining        Necr           19%        2d7       17%         3
 Flame Wave               Conj/Fire      27%        2d7       22%         4
 Hailstorm                Conj/Ice       27%        3d7       22%         4
 Sticky Flame             Conj/Fire      27%        2d5       22%         4
 Animate Armour           Summ/Erth      38%        N/A       45%         4
 Ice Form                 Ice/Tmut       19%        N/A       45%         4
 Summon Ice Beast         Ice/Summ       19%        N/A       45%         4
 Irradiate                Conj/Tmut      13%        3d17      50%         5
 Freezing Cloud           Conj/Ice/Air   12%        6-21      61%         5
 Alistair's Intoxication  Tmut/Pois      12%        N/A       78%         5
 Blade Hands              Tmut           9%         N/A       78%         5
 Borgnjor's Vile Clutch   Necr/Erth      9%         N/A       78%         5
 Lee's Rapid Deconstruct  Erth           9%         3d8*      78%         5
 Manifold Assault         Tloc           19%        N/A       78%         5
 Summon Forest            Summ/Tloc      9%         N/A       78%         5
 Conjure Ball Lightning   Conj/Air       13%        3x3d6     96%         6
 Eringya's Noxious Bog    Tmut/Pois      9%         N/A       100%        6
 Simulacrum               Ice/Necr       9%         N/A       100%        6
 Statue Form              Tmut/Erth      12%        N/A       100%        6
 Summon Cactus Giant      Summ           9%         N/A       100%        6
 Dragon Form              Tmut           9%         N/A       100%        7
 Lehudib's Crystal Spear  Conj/Erth      13%        10d5      100%        8
 Dragon's Call            Summ           9%         N/A       100%        9
 Polar Vortex             Ice            9%         N/A       100%        9


Dungeon Overview and Level Annotations

Branches:
Dungeon (15/15)            Temple (1/1) D:7            Lair (6/6) D:10
  Swamp (4/4) Lair:4       Spider (4/4) Lair:3        Slime (0/5) Lair:6
    Orc (2/2) D:10            Elf (3/3) Orc:2        Vaults (1/5) D:13
 Depths (1/4) D:15        Ossuary (visited)           IceCv (visited)
Gauntlet (visited)

Altars:
Ashenzari
Cheibriados
Dithmenos
Elyvilon
Fedhas
Nemelex Xobeh
Qazlal
Vehumet
Wu Jian
Xom
Yredelemnul
Zin
The Shining One
Beogh
Jiyva

Shops:
D:3 :   D:6 *   D:14 *   Orc:2 :[**   Elf:1 *   Elf:2 (

Portals:
Pandemonium: Orc:2

Annotations:
D:3 2 transporters
D:13 3 runed translucent doors, P0WERM0DE's ghost, journeyman TrCK
Orc:1 2 runed translucent doors, Querens's ghost, journeyman DECj
Orc:2 2 transporters, Olga's ghost, journeyman TeGl
Elf:2 3 runed translucent doors


Innate Abilities, Weirdness & Mutations

You are very small and have problems with some larger weapons.
You are too small for most types of armour.
You have supernaturally acute eyesight. (SInv)
You cover ground extremely quickly. (Speed+++)
You have sharp toenails.
Your flesh is heat resistant. (rF+)
You passively map a small area around you.
Your spells are a little harder to cast, but a little more powerful.
You sometimes lose the ability to read scrolls when taking damage.
You passively dampen the noise of your surroundings.


Message History

Casting: Dazzling Flash (safe; 1% risk of failure)
Confirm with . or Enter, or press ? or * to list all spells.
Casting: Dazzling Flash (safe; 1% risk of failure)
Press: ? - help, Dir - look around, f - activate The spriggan berserker is dazzled.
The spriggan berserker barely misses you.
The shambling mangrove closely misses you.
The grasping roots constrict you!
The spriggan air mage barely misses you.
The spriggan air mage waves its arms in wide circles.
The air twists around and strikes you!
You feel threatened and lose the ability to read scrolls!
* * * LOW HITPOINT WARNING * * *
Unknown command.
Unknown command.
Unknown command.
You cannot read scrolls in your current state!
Unknown command.
Unknown command.
The roots' grasp on you weakens, but your attempt to escape fails.
You can read scrolls again.
The spriggan berserker hits you with a +0 war axe.
* * * LOW HITPOINT WARNING * * *
The spriggan berserker completely misses you.
The spriggan air mage hits you but does no damage.
The shambling mangrove barely misses you.
The grasping roots constrict you.
The spriggan air mage hits you but does no damage.
You escape the roots' grasp.
The spriggan air mage points at you and mumbles some strange words.
The bolt of lightning misses you.
The spriggan air mage attacks as you move away!
The spriggan air mage completely misses you.
The spriggan air mage waves its arms in wide circles.
The air twists around and strikes you!
You feel threatened and lose the ability to read scrolls!
* * * LOW HITPOINT WARNING * * *
The spriggan air mage waves its arms in wide circles.
The air twists around and strikes you!!
You die...

≈,≈≈≈..≈≈.*..§≈≈♣ ♣.♣≈≈≈≈≈.♣.♣.
,,≈≈≈≈♣.≈≈♣♣.§≈≈♣♣♣♣♣≈≈≈≈...♣♣♣♣.
≈≈,*,≈♣.≈≈ii≈≈≈≈≈..♣♣.≈§.♣≈..≈♣≈.
≈,,****♣..≈≈.§≈≈≈.≈.♣♣♣♣♣♣♣≈..♣♣.
,*** ♣♣.)≈≈≈≈≈....♣♣♣♣♣♣♣♣♣♣♣♣§.
,,≈***♣≈.§≈§f§i≈.♣♣♣♣..♣♣.≈≈.....
≈≈≈≈*♣.≈≈≈§≈≈≈≈≈≈≈≈≈≈≈≈.♣≈≈≈≈≈.[†
≈≈≈≈♣.≈≈§≈≈≈≈≈≈≈≈≈≈≈≈≈≈≈..≈≈§≈≈≈≈
≈,,,♣.≈≈≈≈....≈≈@≈≈≈≈≈≈.......≈≈.
,≈**♣♣≈≈≈.$......≈≈≈≈.<...≈≈§..≈≈
*≈<≈*♣♣♣♣♣≈≈♣.≈≈≈≈≈≈≈≈.§♣♣≈♣♣♣≈..
**,,* ♣♣♣...§≈≈≈≈≈≈.♣♣♣♣♣♣≈≈≈≈
**** ♣.≈≈...≈≈..≈≈.♣ ♣♣.≈≈
♣≈≈≈≈♣♣♣♣♣≈..♣♣ ♣♣♣♣ ♣♣♣♣♣* ♣♣≈♣♣
♣ ♣♣♣


You could see a shambling mangrove, a spriggan berserker (wandering, berserk,
blind) and 2 spriggan air magi.

Vanquished Creatures
  Mara (Spider:4)
  A bone dragon (Abyss:2)
  Arachne (Spider:2)
  Mlioglotl (Swamp:1)
  A thorn hunter (Swamp:3)
  Roxanne (Spider:4)
  Donald (Orc:2)
  A fenstrider witch (Swamp:1)
  2 azure jellies (Lair:6)
  A deep elf sorcerer (Elf:1)
  4 emperor scorpions
  5 ghost moths
  A broodmother (Spider:1)
  An ironbound preserver (Vaults:1)
  Nessos (D:13)
  7 eleionomae
  Azrael (D:14)
  8 entropy weavers
  A bunyip (Swamp:3)
  2 spark wasps
  A minotaur (Gauntlet)
  An ettin (Orc:2)
  Snorg (D:14)
  A great orb of eyes (D:15)
  A deep elf high priest (Elf:2)
  2 rakshasas
  2 vault guards
  A demonspawn (Orc:2)
  12 hydras
  Fannar (Lair:1)
  An ogre mage (D:15)
  5 centaur warriors
  3 catoblepae (Lair:6)
  2 ghost crabs
  A jorogumo (Spider:3)
  An anaconda (shapeshifter) (Abyss:2)
  8 boulder beetles
  2 radroaches (Spider:4)
  13 alligators
  10 two-headed ogres
  A death knight (D:14)
  7 death yaks (Lair:6)
  4 orc high priests (Orc:2)
  A thrashing horror (Abyss:2)
  4 tengu warriors
  9 spriggans
  A sun demon (Orc:2)
  7 deep elf knights
  A sixfirhy (Orc:2)
  A sun moth (Spider:3)
  A glowing orange brain (Abyss:2)
  6 skeletal warriors
  5 pharaoh ants
  3 goliath frogs
  3 spriggan druids
  3 swamp dragons
  Lodul (D:14)
  4 deep trolls
  A death drake (Swamp:4)
  5 orb spiders
  A swamp dragon (shapeshifter) (D:15)
  12 steelbarb worms
  2 bog bodies
  A phantasmal warrior (D:14)
  An ironbound convoker (Vaults:1)
  5 wizards
  25 deep elf pyromancers
  2 necromancers
  2 deep elf archers
  8 orc sorcerers
  6 cyclopes
  14 deep elf zephyrmancers
  4 orc knights
  9 wolf spiders
  A large abomination (Abyss:2)
  A will-o-the-wisp (Swamp:1)
  5 manticores
  9 ugly things (D:15)
  13 elephants
  4 moths of wrath
  A smoke demon (Abyss:2)
  2 black mambas
  9 torpor snails
  An orange demon (Orc:2)
  An unseen horror (shapeshifter) (Abyss:2)
  8 cane toads
  Maggie (D:9)
  2 gargoyles (D:12)
  An efreet (D:15)
  2 freezing wraiths
  7 demonic crawlers
  A yaktaur (Vaults:1)
  2 rime drakes (Lair:5)
  10 komodo dragons
  3 polar bears
  5 trolls
  A bloated husk (Swamp:2)
  8 meliai
  A queen bee (D:15)
  8 tyrant leeches
  11 tarantellas
  Grinder (D:6)
  11 blink frogs (Lair:5)
  10 hornets
  2 raiju (Abyss:2)
  6 dream sheep (Lair:4)
  18 slime creatures
  20 jumping spiders
  A vampire (D:13)
  2 air elementals (Elf:2)
  17 culicivoras
  A ynoxinul (Abyss:2)
  3 water elementals (Elf:1)
  Sigmund (D:6)
  A hog (shapeshifter) (Elf:2)
  4 wyverns
  57 yaks
  4 wraiths
  17 humans
  A yak (shapeshifter) (Elf:1)
  2 fire elementals
  11 dancing weapons
  A steam dragon (D:8)
  6 basilisks
  Edmund (D:6)
  27 redbacks
  8 vampire mosquitoes
  3 neqoxecs (Abyss:2)
  5 swamp worms
  A warg (D:10)
  3 hell hounds (D:14)
  7 acid dragons
  7 water moccasins
  Duvessa (D:5)
  A swamp drake (Swamp:2)
  22 orc warriors
  A black bear (Lair:1)
  A tengu (shapeshifter) (Elf:2)
  10 centaurs
  16 wolves
  13 ogres
  5 small abominations (Abyss:2)
  2 kobold brigands
  13 bullfrogs
  3 gnoll sergeants (D:9)
  2 earth elementals
  10 wights
  4 necrophages
  Dowan (D:5)
  26 killer bees
  8 howler monkeys
  6 hounds
  28 orc priests
  2 jellies
  4 iguanas
  Crazy Yiuf (D:5)
  A gnoll shaman (D:7)
  17 orc wizards
  6 hell rats (Lair:3)
  8 mummies (Ossuary)
  Robin (D:3)
  16 gnolls
  9 adders
  2 shadow imps (D:6)
  A white imp (Abyss:2)
  4 ufetubi
  A worm (D:3)
  A dart slug (D:3)
  80 orcs
  4 giant cockroaches
  A gnoll zombie (Ossuary)
  20 goblins
  10 hobgoblins
  3 jackals
  6 ball pythons
  3 bats
  4 frilled lizards
  2 hobgoblin zombies (Ossuary)
  12 kobolds
  3 kobold zombies (Ossuary)
  2 orc zombies (Ossuary)
  5 rats
1050 creatures vanquished.

Vanquished Creatures (collateral kills)
  Rupert (Orc:2)
  3 deep elf knights (Elf:2)
  3 deep elf pyromancers
  An orc knight (Orc:1)
  A wolf spider (Spider:4)
  2 jumping spiders (Spider:4)
  A redback (Spider:4)
  6 orc warriors
  An ogre (D:5)
  4 wights
  3 orc priests
  An orc wizard (Orc:2)
  An adder (D:6)
  8 gnolls
  10 orcs
  5 kobolds (D:6)
51 creatures vanquished.

Vanquished Creatures (others)
  An elephant (Lair:6)
  4 bloated husks
  35 dancing weapons
  A swamp worm (Swamp:3)
  A howler monkey (D:10)
  An orc (D:9)
  2 foxfires (Abyss:2)
  13 fungi
  A lurking horror (Abyss:2)
  27 plants
  2 starspawn tentacles (Swamp:1)
88 creatures vanquished.

Grand Total: 1189 creatures vanquished

Notes
Turn   | Place    | Note
-------+----------+-------------------------------------------
     0 | D:1      | Venedis the Spriggan Enchanter began the quest for the Orb.
     0 | D:1      | Reached XP level 1. HP: 9/9 MP: 5/5
    10 | D:1      | Noticed an electric eel
    42 | D:1      | Gained mutation: You passively map a small area around you.
                  | [potion of mutation]
    42 | D:1      | Gained mutation: You are partially covered in iridescent
                  | scales. (AC +2) [potion of mutation]
    42 | D:1      | Gained mutation: You passively map the area around you.
                  | [potion of mutation]
    42 | D:1      | Gained mutation: You are mostly covered in iridescent
                  | scales. (AC +4) [potion of mutation]
   563 | D:1      | You fall into a shaft and drop 1 floor!
   571 | D:2      | Found a faded altar of an unknown god.
   796 | D:1      | Reached XP level 2. HP: 13/13 MP: 7/7
   799 | D:1      | Learned a level 2 spell: Ensorcelled Hibernation
  1270 | D:2      | Identified the ring "Yruoman" {rPois rN+++ Will- Str+6}
  1589 | D:2      | Reached XP level 3. HP: 16/16 MP: 9/9
  1593 | D:2      | Learned a level 3 spell: Tukima's Dance
  1597 | D:2      | Learned a level 3 spell: Confusing Touch
  2501 | D:3      | Found a transporter.
  2560 | D:3      | Noticed Robin
  2685 | D:3      | Killed Robin
  2686 | D:3      | Reached skill level 5 in Hexes
  2686 | D:3      | Reached XP level 4. HP: 17/21 MP: 6/11
  2858 | D:3      | Found Nachas's Book Boutique.
  3289 | D:3      | Reached XP level 5. HP: 24/24 MP: 10/13
  3392 | D:3      | Found a white marble altar of Elyvilon.
  3513 | D:3      | Found a transporter.
  3882 | D:4      | Reached skill level 5 in Spellcasting
  3911 | D:4      | Reached skill level 5 in Stealth
  4112 | D:4      | Learned a level 3 spell: Dazzling Flash
  4318 | D:4      | Reached XP level 6. HP: 28/28 MP: 9/15
  4367 | D:4      | Found an ornate altar of the Wu Jian Council.
  4480 | D:4      | Reached skill level 6 in Stealth
  5118 | D:5      | Entered Level 5 of the Dungeon
  5131 | D:5      | Reached XP level 7. HP: 27/32 MP: 14/17
  5169 | D:5      | Found a sand-covered staircase.
  5174 | Ossuary  | Entered an ossuary
  5414 | Ossuary  | Reached skill level 7 in Stealth
  5909 | D:5      | Noticed Dowan
  5927 | D:5      | Noticed Duvessa
  5929 | D:5      | Killed Duvessa
  5934 | D:5      | Killed Dowan
  6004 | D:5      | Learned a level 3 spell: Stone Arrow
  6284 | D:5      | Reached skill level 8 in Stealth
  6310 | D:5      | Reached XP level 8. HP: 36/36 MP: 2/20
  6789 | D:5      | Identified the +7 dagger "Omelette" {venom, Fly}
  6815 | D:5      | Reached skill level 9 in Stealth
  7003 | D:5      | Found a runed translucent door.
  7004 | D:5      | Noticed Crazy Yiuf
  7011 | D:5      | Killed Crazy Yiuf
  7078 | D:6      | Noticed Edmund
  7088 | D:6      | Killed Edmund
  7123 | D:6      | Noticed Sigmund
  7131 | D:6      | Killed Sigmund
  7132 | D:6      | Reached skill level 10 in Stealth
  7316 | D:6      | Reached XP level 9. HP: 35/39 MP: 21/23
  7366 | D:6      | Noticed Grinder
  7368 | D:6      | Killed Grinder
  7396 | D:6      | Found Abbuudos's General Store.
  7399 | D:6      | Bought a potion of might for 44 gold pieces
  7399 | D:6      | Bought a scroll of fog for 22 gold pieces
  7399 | D:6      | Bought a potion of haste for 110 gold pieces
  7591 | D:6      | Found a shadowy altar of Dithmenos.
  7632 | D:6      | Became a worshipper of Dithmenos the Shadowed
  7711 | D:7      | Reached skill level 11 in Stealth
  7892 | D:7      | Found a staircase to the Ecumenical Temple.
  7903 | Temple   | Entered the Ecumenical Temple
  7971 | D:7      | Reached skill level 10 in Hexes
  8468 | D:7      | Found a snail-covered altar of Cheibriados.
  8468 | D:7      | Found a broken altar of Ashenzari.
  8470 | D:7      | Found a radiant altar of Vehumet.
  8473 | D:7      | Found a basalt altar of Yredelemnul.
  8484 | D:7      | Reached skill level 1 in Fighting
  8890 | D:8      | Reached * piety under Dithmenos
  8891 | D:8      | Reached skill level 10 in Spellcasting
  8895 | D:8      | Reached skill level 12 in Stealth
  9244 | D:8      | Found a shimmering altar of Xom.
  9244 | D:8      | Found a glowing golden altar of the Shining One.
  9252 | D:8      | Found a sparkling altar of Nemelex Xobeh.
  9254 | D:8      | Found a blossoming altar of Fedhas.
  9256 | D:8      | Found a glowing silver altar of Zin.
  9954 | D:8      | Reached ** piety under Dithmenos
 10189 | D:10     | Entered Level 10 of the Dungeon
 10210 | D:9      | Noticed Maggie
 10218 | D:9      | Killed Maggie
 10219 | D:9      | Reached XP level 10. HP: 46/46 MP: 17/25
 10934 | D:9      | Reached skill level 5 in Dodging
 11198 | D:9      | Noticed a two-headed ogre
 11209 | D:9      | Killed a two-headed ogre
 11210 | D:9      | Reached skill level 13 in Stealth
 11455 | D:10     | Found a stormy altar of Qazlal.
 11488 | D:10     | Reached *** piety under Dithmenos
 11673 | D:10     | Found a staircase to the Orcish Mines.
 11884 | D:10     | Reached skill level 5 in Short Blades
 11900 | D:10     | Reached XP level 11. HP: 33/52 MP: 15/27
 12358 | D:10     | Found a staircase to the Lair.
 13056 | D:11     | Reached **** piety under Dithmenos
 13484 | D:11     | Reached skill level 14 in Stealth
 14464 | D:12     | Noticed a deep elf pyromancer
 14473 | D:12     | Killed a deep elf pyromancer
 14686 | D:13     | Noticed a centaur warrior
 14689 | D:13     | Reached XP level 12. HP: 59/59 MP: 29/29
 14694 | D:13     | Noticed a tengu warrior
 14694 | D:13     | Noticed a tengu warrior
 14695 | D:13     | Found a runed translucent gate.
 14697 | D:13     | Killed a centaur warrior
 14698 | D:13     | Reached skill level 5 in Fighting
 14703 | D:13     | Found a runed translucent gate.
 14707 | D:13     | Reached ***** piety under Dithmenos
 14713 | D:13     | Killed a tengu warrior
 14724 | D:13     | Killed a tengu warrior
 14725 | D:13     | Reached skill level 15 in Stealth
 14765 | D:13     | Found a runed translucent gate.
 14778 | D:13     | Noticed a six-headed hydra
 14787 | D:13     | Noticed P0WERM0DE's ghost (journeyman TrCK)
 14794 | D:13     | Killed a six-headed hydra
 14847 | D:13     | Noticed Nessos
 14850 | D:13     | Killed Nessos
 14956 | D:13     | Noticed a six-headed hydra
 15090 | D:13     | Killed a six-headed hydra
 15133 | D:13     | Noticed a centaur warrior
 15136 | D:13     | Killed a centaur warrior
 15499 | D:13     | Noticed a vault guard
 15506 | D:13     | Cast into level 2 of the Abyss (a wizard)
 15846 | Abyss:2  | Noticed a bone dragon
 15913 | Abyss:2  | Killed a bone dragon
 16116 | Abyss:2  | Noticed an ophan
 16164 | Abyss:2  | Noticed a tentacled starspawn
 16164 | Abyss:2  | Noticed a tentacled starspawn
 16191 | Abyss:2  | Noticed a deep elf sorcerer
 16221 | Abyss:2  | Noticed a tentacled starspawn
 16234 | Abyss:2  | Noticed a starcursed mass
 16253 | Abyss:2  | Noticed a white draconian
 16365 | Abyss:2  | Found a corrupted altar of Lugonu.
 16484 | Abyss:2  | Noticed a daeva
 16671 | Abyss:2  | Noticed a starcursed mass
 16827 | Abyss:2  | Noticed an anaconda
 16849 | Abyss:2  | Killed an anaconda
 16933 | Abyss:2  | Noticed a tentacled starspawn
 17339 | Abyss:2  | Noticed a cacodemon
 17344 | Abyss:2  | Gained mutation: You sometimes lose the ability to read
                  | scrolls when taking damage. [a cacodemon]
 17415 | Abyss:2  | Noticed a bone dragon
 17456 | Abyss:2  | Noticed a starcursed mass
 17491 | Abyss:2  | Noticed a rakshasa
 17628 | Abyss:2  | Gained mutation: You are occasionally teleported next to
                  | monsters. [a neqoxec]
 17639 | D:13     | Escaped the Abyss
 17639 | D:13     | Noticed a vault guard
 17672 | D:13     | Killed a vault guard
 17673 | D:13     | Reached skill level 10 in Dodging
 17813 | D:13     | Found a gate to the Vaults.
 17923 | D:12     | Killed a vault guard
 17924 | D:12     | Reached skill level 16 in Stealth
 17924 | D:12     | Reached XP level 13. HP: 62/65 MP: 24/31
 18149 | D:14     | Noticed Lodul
 18190 | D:14     | Found Zin's Purification Station.
 18193 | D:14     | Found a glowing silver altar of Zin.
 18244 | D:14     | Found a gate leading to a gauntlet.
 18247 | Gauntlet | Entered a Gauntlet
 18247 | Gauntlet | Found a transporter.
 18257 | Gauntlet | Found a transporter.
 18272 | Gauntlet | Found a transporter.
 18277 | Gauntlet | Found a transporter.
 18300 | Gauntlet | Found a transporter.
 18310 | Gauntlet | Found a transporter.
 18325 | Gauntlet | Found a transporter.
 18331 | Gauntlet | Found a transporter.
 18331 | Gauntlet | Noticed a green death
 18346 | Gauntlet | Found a transporter.
 18358 | Gauntlet | Found a transporter.
 18367 | Gauntlet | Noticed a green death
 18370 | Gauntlet | Found a transporter.
 18387 | Gauntlet | Found a transporter.
 18387 | Gauntlet | Found a transporter.
 18407 | Gauntlet | Found a transporter.
 18492 | Gauntlet | Found a transporter.
 18517 | Gauntlet | Found a transporter.
 18519 | Gauntlet | Found a transporter.
 18539 | Gauntlet | Found a transporter.
 18565 | Gauntlet | Identified the amulet of Rorghod {Faith Fly}
 18595 | Gauntlet | Identified the amulet "Sosm" {RegenMP Str-5 Int+4}
 18678 | Gauntlet | Identified the +2 hat of the Bard {+Blink}
 18702 | Gauntlet | Noticed a minotaur
 18793 | Gauntlet | Killed a minotaur
 18855 | Gauntlet | Got the Collected Works on Icy Confrontation
 18868 | D:14     | Noticed Snorg
 18885 | D:14     | Killed Snorg
 18889 | D:14     | Found a frozen archway.
 18913 | IceCv    | Entered an ice cave
 19076 | Lair:1   | Entered Level 1 of the Lair of Beasts
 19409 | Lair:1   | Noticed Fannar
 19414 | Lair:1   | Killed Fannar
 21313 | Lair:3   | Found a hole to the Spider Nest.
 22128 | Lair:4   | Identified the +7 falchion "Vuinul" {drain, +Blink}
 22517 | Lair:4   | Found a staircase to the Swamp.
 22926 | Lair:5   | Reached skill level 17 in Stealth
 22958 | Lair:5   | Identified the +5 spear "Xuqubek" {drain, MP+9 Str+4}
 23001 | Lair:5   | Reached ****** piety under Dithmenos
 23140 | Lair:5   | Got the Volume of Attacks
 23659 | Lair:5   | Reached XP level 14. HP: 72/72 MP: 31/33
 24124 | Lair:6   | Entered Level 6 of the Lair of Beasts
 24124 | Lair:6   | Noticed an azure jelly
 24124 | Lair:6   | Noticed an azure jelly
 24124 | Lair:6   | Found a runed translucent door.
 24124 | Lair:6   | Found a viscous altar of Jiyva.
 24124 | Lair:6   | Found a staircase to the Slime Pits.
 24134 | Lair:6   | Killed an azure jelly
 24135 | Lair:6   | Killed an azure jelly
 24350 | Lair:6   | Reached skill level 10 in Short Blades
 24602 | Lair:6   | Reached skill level 18 in Stealth
 24897 | Lair:6   | Lost mutation: You passively map the area around you.
                  | [potion of mutation]
 24897 | Lair:6   | Lost mutation: You are occasionally teleported next to
                  | monsters. [potion of mutation]
 24897 | Lair:6   | Gained mutation: You passively dampen the noise of your
                  | surroundings. [potion of mutation]
 25280 | Lair:6   | Reached skill level 15 in Hexes
 25587 | Orc:1    | Entered Level 1 of the Orcish Mines
 25878 | Orc:1    | Found a large runed translucent door.
 25878 | Orc:1    | Found a large runed translucent door.
 25881 | Orc:1    | Noticed Querens's ghost (journeyman DECj)
 25918 | Orc:2    | Entered Level 2 of the Orcish Mines
 26029 | Orc:2    | Found a transporter.
 26030 | Orc:2    | Noticed Olga's ghost (journeyman TeGl)
 26036 | Orc:2    | Found a transporter.
 26081 | Orc:2    | Noticed Donald
 26083 | Orc:2    | Killed Donald
 26190 | Orc:2    | Found Utibior's General Store.
 26191 | Orc:2    | Found Xusout's General Store.
 26191 | Orc:2    | Noticed Rupert
 26358 | Orc:1    | Gained mutation: You tend to lose your temper in combat. [a
                  | neqoxec]
 26360 | Orc:1    | Gained mutation: You occasionally shout uncontrollably at
                  | your foes. [a neqoxec]
 26628 | Orc:2    | Found a staircase to the Elven Halls.
 27150 | Orc:2    | Reached XP level 15. HP: 77/77 MP: 25/34
 27263 | Orc:2    | Bought a potion of heal wounds for 60 gold pieces
 27263 | Orc:2    | Bought a scroll of immolation for 42 gold pieces
 27446 | Orc:2    | Reached skill level 15 in Spellcasting
 27577 | Orc:2    | Paralysed by Rupert for 5 turns
 27595 | Orc:2    | Killed Rupert
 28460 | Orc:2    | Found Ygick's Book Shop.
 28460 | Orc:2    | Found a one-way gate leading to the halls of Pandemonium.
 28460 | Orc:2    | Found Heudux's Antique Armour Boutique.
 28729 | D:14     | Got the Collected Works on Scorching Transmutation
 28930 | D:14     | Killed Lodul
 28947 | D:14     | Reached skill level 19 in Stealth
 29220 | D:14     | Noticed Azrael
 29314 | D:14     | Killed Azrael
 29700 | D:15     | Entered Level 15 of the Dungeon
 30361 | D:15     | Found a shadowy altar of Dithmenos.
 30585 | D:15     | Found a staircase to the Depths.
 30917 | D:15     | Found a glowing golden altar of the Shining One.
 30944 | D:15     | Reached XP level 16. HP: 84/84 MP: 15/36
 31271 | Spider:1 | Entered Level 1 of the Spider Nest
 31820 | Spider:1 | Reached skill level 20 in Stealth
 32352 | Spider:1 | Reached skill level 15 in Dodging
 32601 | Spider:2 | Noticed Arachne
 33216 | Spider:2 | Killed Arachne
 33461 | Spider:3 | Reached skill level 10 in Fighting
 34815 | Spider:4 | Entered Level 4 of the Spider Nest
 34908 | Spider:4 | Noticed Roxanne
 35245 | Swamp:1  | Entered Level 1 of the Swamp
 35482 | Elf:1    | Entered Level 1 of the Elven Halls
 35554 | Elf:1    | Found Jiozol's Assorted Antiques.
 35569 | Elf:1    | Bought a scroll labelled PUFIMUT ARHAI for 31 gold pieces
 35571 | Elf:1    | Acquired the +3 quick blade of Laceration {vorpal, Fly}
 35634 | Elf:1    | Reached skill level 1 in Conjurations
 36141 | Elf:1    | Reached XP level 17. HP: 89/89 MP: 35/38
 36752 | Elf:1    | Reached skill level 21 in Stealth
 36811 | Elf:1    | Got Hoagurar's Almanac of the Vanishing Songs
 37539 | Elf:1    | Learned a level 4 spell: Cause Fear
 37666 | Elf:2    | Found Afoturuu's Weapon Emporium.
 38236 | Elf:2    | Found a runed translucent gate.
 38238 | Elf:2    | Found a runed translucent gate.
 38648 | Elf:2    | Found a runed translucent gate.
 38906 | Elf:3    | Entered Level 3 of the Elven Halls
 39691 | Spider:4 | Killed Roxanne
 39757 | Spider:4 | Learned a level 7 spell: Enfeeble
 40431 | Spider:4 | Noticed Mara
 40444 | Spider:4 | Killed Mara
 41186 | Spider:4 | Reached skill level 22 in Stealth
 41366 | Spider:4 | Got a gossamer rune of Zot
 41848 | Swamp:1  | Noticed Mlioglotl
 41960 | Swamp:1  | Killed Mlioglotl
 41961 | Swamp:1  | Reached XP level 18. HP: 81/96 MP: 31/40
 43534 | Depths:1 | Entered Level 1 of the Depths
 43641 | Vaults:1 | Entered Level 1 of the Vaults
 43803 | Vaults:1 | Learned a level 5 spell: Summon Mana Viper
 44100 | Swamp:3  | Found a basalt altar of Yredelemnul.
 44185 | Swamp:3  | Lost mutation: You are mostly covered in iridescent scales.
                  | (AC +4) [potion of mutation]
 44185 | Swamp:3  | Lost mutation: You tend to lose your temper in combat.
                  | [potion of mutation]
 44186 | Swamp:3  | Lost mutation: You sometimes lose the ability to read
                  | scrolls when taking damage. [potion of mutation]
 44186 | Swamp:3  | Lost mutation: You are partially covered in iridescent
                  | scales. (AC +2) [potion of mutation]
 44186 | Swamp:3  | Lost mutation: You occasionally shout uncontrollably at
                  | your foes. [potion of mutation]
 44186 | Swamp:3  | Gained mutation: You sometimes lose the ability to read
                  | scrolls when taking damage. [potion of mutation]
 44186 | Swamp:3  | Gained mutation: Your flesh is heat resistant. (rF+)
                  | [potion of mutation]
 44186 | Swamp:3  | Gained mutation: You have sharp toenails. [potion of
                  | mutation]
 44186 | Swamp:3  | Gained mutation: Your spells are a little harder to cast,
                  | but a little more powerful. [potion of mutation]
 44824 | Swamp:4  | Entered Level 4 of the Swamp
 44856 | Swamp:4  | HP: 2/97 [eleionoma/spray of wooden splinters (48)]
 45137 | Swamp:4  | Killed from afar by a spriggan air mage

Illustrated notes

Levels and vault maps discovered:
D:1:      arrival_aquarium_a, layout_basic, minmay_misc_feat_chi
D:2:      kb_forest_paths, layout_basic, basic_ecumenical_altar,
          grunt_ministairs_11, kennysheep_nub, kennysheep_generic_room_5
D:3:      gammafunk_steamed_eel, layout_basic, nicolae_elyvilon_temple_path,
          serial_shops, nicolae_shop_hallway_plus, uniq_robin
D:4:      layout_loops_cross, lemuel_tele_altar
D:5:      layout_basic, enter_ossuary_2, hangedman_abyss_or_decor_stagger,
          kennysheep_generic_room_10, uniq_duvessa, uniq_crazy_yiuf_cottage
D:6:      layout_gridville, mainiacjoe_overflow_paths, serial_shops,
          kennysheep_mini_moat, uniq_sigmund, uniq_edmund, uniq_grinder
D:7:      layout_rooms, grunt_temple_overflow_cloverleaf,
          minmay_temple_entry_antechambers
D:8:      layout_loops_corners, chequers_temple_overflow_minitemple,
          special_room [special_room_orc]
D:9:      minmay_skewed_foursquare, layout_loops_ring, uniq_maggie
D:10:     layout_loops_ring, grunt_qazlal_sundering, erik_lair_dragon,
          erik_orc_4, chequers_serial_rivers_small_3
D:11:     layout_long_grid, serial_co_window_serial, co_window_corner_a,
          co_window_paths_a, co_window_paths_a, co_window_corner_a,
          co_window_paths_b, co_window_corner_b, co_window_corner_cb,
          co_window_of_opportunity_b, co_window_corner_b, co_window_broadway_a,
          glass_columns_c, glass_columns_c, glass_columns_a
D:12:     layout_irregular_city, chequers_serial_rivers_small_a
D:13:     layout_gridville, grunt_vaults_entry_tiered,
          ebering_ghost_rock_garden, uniq_nessos
D:14:     layout_small_grid, portal_ice_cave_entry_pillars_three,
          gauntlet_entry_generic, minmay_misc_feat_plants, zin_purify,
          uniq_lodul, uniq_snorg, uniq_azrael
D:15:     gammafunk_enter_depths_forms, layout_rooms, special_room
          [special_room_bee], nicolae_dithmenos_shadow_blocks,
          nicolae_tso_carved_into_rock
Temple:   jpeg_temple_island
Lair:1:   layout_misc_corridors, uniq_fannar
Lair:2:   layout_layer_cave, grunt_megastairs_1
Lair:3:   layout_big_grid, spider_nest_entry_web_field
Lair:4:   layout_cave_pods, minmay_swamp_entry_worms,
          chequers_serial_rivers_large_b, minivault_24, serial_bayou_shore_b
Lair:5:   layout_cave_pods, lemuel_fruit_tree, grunt_megastairs_3
Lair:6:   evilmike_catoblepas_cave, layout_cave_shapes, slime_altar_2
Swamp:1:  layout_basic_swamp, evilmike_swamp_ruin_house_1, swamp_pool1,
          uniq_mlioglotl
Swamp:2:  layout_falls_marsh, evilmike_swamp_ruin_house_6
Swamp:3:  layout_basic_swamp, lemuel_altar_in_water
Swamp:4:  swamp_vile, layout_basic_swamp, swamp_pool5,
          nicolae_swamp_orc_logging_accident, infiniplex_staircase_pool_2
Spider:1: layout_spider_delve
Spider:2: layout_spider_delve, uniq_arachne
Spider:3: layout_chambers, hangedman_spider_tarantella_strand
Spider:4: hellmonk_spider_rune_bug_friends, uniq_roxanne, uniq_mara
Orc:1:    layout_diamond_mine, basic_altar, ebering_ghost_disaster_area
Orc:2:    pf_orc_diabolical, layout_caves, gammafunk_ghost_smash, uniq_donald,
          uniq_rupert
Elf:1:    nicolae_elf_arrival_fired_up, layout_geoelf_octagon,
          serial_corexii_hall, chequers_hall_statues_y,
          corexii_hall_statues_deadend, corexii_hall_statues_x,
          corexii_hall_statues_l, serial_shops, shop_fountains,
          minmay_elf_sorcery, grunt_megastairs_5
Elf:2:    elven_hall_of_blades_hangedman_original
          [nicolae_vaults_blade_armed_guards], layout_loops_corners,
          serial_shops, nicolae_shop_crystal, kennysheep_underground_church
Elf:3:    minmay_elf_hall_x, layout_geoelf_castle
Vaults:1: grunt_vaults_trifunnel, v_misc_11, v_pattern_5,
          vaults_room_grunt_arrival_ludios, v_misc_26,
          ontoclasm_vaults_loading_screen, dpeg_vaults_monster_box,
          nicolae_vaults_diagonal_hallway_6, layout_vaults_big_room,
          trove_entry_hex_spiral
Depths:1: layout_big_octagon, enter_ziggurat_f, lightli_too_deep,
          rand_demon_pan_entry_9, evilmike_ruin_ashenzari, tgw_lugonu_bribe

Skill      XL: |  1  2  3  4  5  6  7  8  9 10 11 12 13 14 15 16 17 18 |
---------------+-------------------------------------------------------+-----
Spellcasting   | 3 4 5 6 7 9 10 11 12 13 14 15 16 17 18 | 18.5
Hexes          | 4 5 6 7 9 10 11 12 13 14 15 16 17 18 | 18.7
Stealth        | 5 6 8 10 12 13 14 16 17 18 19 20 22 | 22.9
Dodging        | 4 6 8 10 11 13 14 15 17 | 17.8
Fighting       | 1 3 4 6 7 8 9 10 11 | 11.7
Short Blades   | 3 5 6 8 9 10 12 | 12.0
Conjurations   | 3 4 |  4.0

Action                   |  1- 3 |  4- 6 |  7- 9 | 10-12 | 13-15 | 16-18 || total
-------------------------+-------+-------+-------+-------+-------+-------++-------
Melee: Dagger            |   106 |   148 |   341 |   681 |  1353 |   945 ||  3574
       Punch             |       |     1 |     4 |     7 |    15 |    13 ||    40
       Quick blade       |       |       |       |       |       |    88 ||    88
       Kick              |       |       |       |       |       |    27 ||    27
Throw: Dart              |       |       |       |       |     9 |     5 ||    14
 Cast: Ensorcelled Hiber |     3 |    12 |    41 |   111 |   142 |   183 ||   492
       Tukima's Dance    |       |     2 |    20 |    29 |    88 |    42 ||   181
       Confusing Touch   |       |     2 |    15 |    19 |    37 |    54 ||   127
       Dazzling Flash    |       |       |       |       |     6 |    14 ||    20
       Stone Arrow       |       |       |       |       |       |    25 ||    25
Invok: Shadow Step       |       |       |       |       |     4 |    13 ||    17
 Abil: Evoke Blink       |       |       |       |       |     3 |       ||     3
Evoke: Wand              |       |       |     3 |    10 |    36 |    10 ||    59
       Phial of floods   |       |       |       |       |     1 |     3 ||     4
       Phantom mirror    |       |       |       |       |       |     1 ||     1
  Use: Scroll            |     6 |     6 |    11 |     8 |     8 |    10 ||    49
       Potion            |     1 |       |     4 |     4 |    11 |    12 ||    32
 Stab: Sleeping          |    11 |    18 |    44 |    78 |   147 |   179 ||   477
       Confused          |       |     3 |     6 |    16 |    35 |    49 ||   109
       Distracted        |       |     1 |     1 |     2 |     9 |     8 ||    21
       Invisible         |       |       |       |     1 |    24 |    14 ||    39
Armor: Robe              |    24 |    37 |    85 |       |       |       ||   146
       Steam dragon scal |       |       |       |   117 |   197 |   209 ||   523
Dodge: Dodged            |    75 |    99 |   256 |   640 |  1075 |  1101 ||  3246

Table legend: (Time is in decaauts)
 A = Elapsed time spent in this place.
 B = Non-inter-level travel time spent in this place.
 C = Inter-level travel time spent in this place.
 D = Time resting spent in this place.
 E = Time spent auto-exploring this place.
 F = Levels seen in this place.
 G = Mean time per level.
                   A        B        C        D        E       F      G
               +--------+--------+--------+--------+--------+-----+--------+
         Total |  32718 |  30616 |   2102 |   5424 |  16934 |  41 |  798.0 |
       Dungeon |  13660 |  12737 |    923 |   1138 |   8595 |  15 |  910.7 |
        Temple |      1 |      1 |      0 |      0 |      0 |   1 |    1.0 |
          Lair |   4907 |   4317 |    590 |    500 |   2888 |   6 |  817.8 |
         Swamp |   1870 |   1821 |     49 |    464 |    812 |   4 |  467.5 |
   Spider Nest |   4548 |   4324 |    224 |   1149 |   1986 |   4 | 1137.0 |
  Orcish Mines |   2470 |   2332 |    138 |    748 |    937 |   2 | 1235.0 |
   Elven Halls |   2537 |   2362 |    175 |    443 |   1265 |   3 |  845.7 |
        Vaults |    154 |    154 |      0 |     51 |     23 |   1 |  154.0 |
        Depths |      6 |      6 |      0 |      0 |      0 |   1 |    6.0 |
         Abyss |   1507 |   1507 |      0 |    489 |    207 |   1 | 1507.0 |
       Ossuary |    610 |    610 |      0 |    353 |     55 |   1 |  610.0 |
      Ice Cave |     34 |     34 |      0 |     16 |      4 |   1 |   34.0 |
      Gauntlet |    409 |    409 |      0 |     70 |    160 |   1 |  409.0 |
               +--------+--------+--------+--------+--------+-----+--------+

Top non-repeatable levels by time:
   Orc:2: 1896 daAuts
Spider:3: 1603 daAuts
 Abyss:2: 1507 daAuts
   Elf:1: 1487 daAuts
Spider:4: 1438 daAuts
    D:10: 1258 daAuts
    D:14: 1196 daAuts
     D:3: 1086 daAuts
   Elf:2: 1029 daAuts
Spider:1: 1020 daAuts
  Lair:3: 1011 daAuts
     D:4: 977 daAuts
     D:9: 962 daAuts
     D:8: 956 daAuts
     D:5: 946 daAuts
